 Dungeon Crawl Stone Soup version 0.30-a0-691-g754fce4c43 (webtiles) character file.

Game seed: 12702627259641511370

15569 Absynth the Carver (level 12, -4/97 HPs)
             Began as a Demonspawn Gladiator on Jan 20, 2023.
             Was a Priest of Ashenzari.
             Slain by a nine-headed hydra (9 damage)
             ... on level 11 of the Dungeon.
             The game lasted 00:55:20 (11449 turns).

Absynth the Carver (Demonspawn Gladiator)          Turns: 11449, Time: 00:55:21

Health: -4/97      AC: 34    Str: 17    XL:     12   Next: 2%
Magic:  12/12      EV:  7    Int: 17    God:    Ashenzari [***...]
Gold:   835        SH:  5    Dex: 12    Spells: 11/11 levels left

rFire   + + .      SeeInvis +    A - +3 falchion "Gaze Upon Infinity" {heavy, Self, Melee} (curse)
rCold   . . .      Faith    .    K - +0 buckler "Astral Regret" {AC+3, Fort, Evo} (curse)
rNeg    + . .      Spirit   .    w - +8 plate armour of the Elysian Augur {Rampage +Blink Regen+ Int+3, Comp, Self} (curse)
rPois   .          Reflect  .    (helmet unavailable)
rElec   .          Harm     .    c - +0 cloak "Cryptic Gnosis" {+Blink rF++ Str+2 Dex-3, Melee, Comp} (curse)
rCorr   .          Rampage  +    (no gloves)
Will    +....      Clarity  +    x - +0 pair of boots of the Astral Sybil {Cun, Comp} (curse) Stlth
                                 (no amulet)
HPRegen 1.16/turn                p - ring of positive energy
MPRegen 0.13/turn                h - ring of willpower

@: sanguine armoured
A: antennae 3, demonic guardian 3, foul stench 2, sanguine armour 1
a: Renounce Religion, Evoke Blink, Curse Item, Shatter the Chains


You were on level 11 of the Dungeon.
You worshipped Ashenzari.
Ashenzari was most pleased with you.
You visited 2 branches of the dungeon, and saw 12 of its levels.
You also visited: Sewer and Gauntlet.

You collected 835 gold pieces.

Inventory:

Hand Weapons
 b - a +0 sling
 A - the cursed +3 falchion "Gaze Upon Infinity" (weapon) {heavy, Self, Melee}
   (You took it off a wight on level 3 of the Dungeon)

   It has a curse which improves the following skills: Introspection: Fighting
   and Spellcasting.
   Melee Combat: Short Blades, Long Blades, Axes, Maces & Flails, Polearms,
   Staves and Unarmed Combat.
Missiles
 q - 14 poisoned darts
 F - 6 silver javelins
 H - 2 throwing nets
 M - 6 javelins
Armour
 c - the cursed +0 cloak "Cryptic Gnosis" (worn) {+Blink rF++ Str+2 Dex-3, Melee, Comp}
   (You found it in a Gauntlet)

   Str:       It affects your strength (+2).
   Dex:       It affects your dexterity (-3).
   rF:        It greatly protects you from fire.
   +Blink:    It lets you blink.
   It has a curse which improves the following skills: Melee Combat: Short
   Blades, Long Blades, Axes, Maces & Flails, Polearms, Staves and Unarmed
   Combat.
   Companions: Summonings and Necromancy.
 w - the cursed +8 plate armour of the Elysian Augur (worn) {Rampage +Blink Regen+ Int+3, Comp, Self}
   (You found it on level 8 of the Dungeon)

   Int:       It affects your intelligence (+3).
   +Blink:    It lets you blink.
   Regen:     It increases your rate of health regeneration.
   Rampage:   It bestows one free step when moving towards enemies.
   It has a curse which improves the following skills: Companions: Summonings
   and Necromancy.
   Introspection: Fighting and Spellcasting.
 x - the cursed +0 pair of boots of the Astral Sybil (worn) {Cun, Comp}
   (You found it on level 5 of the Dungeon)

   It has a curse which improves the following skills: Cunning: Dodging and
   Stealth.
   Companions: Summonings and Necromancy.
 K - the cursed +0 buckler "Astral Regret" (worn) {AC+3, Fort, Evo}
   (You took it off an orc warrior on level 9 of the Dungeon)

   It has a curse which improves the following skills: Fortitude: Armour and
   Shields.
   Evocations: Evocations.
Jewellery
 h - a ring of willpower (right hand)
 l - a ring of wizardry
 p - a ring of positive energy (left hand)
 E - an amulet of the acrobat
 I - a ring of poison resistance
Wands
 u - a wand of mindburst (7)
 C - a wand of digging (3)
 G - a wand of polymorph (8)
 L - a wand of paralysis (6)
Scrolls
 d - 4 scrolls of amnesia
 f - a scroll of enchant weapon
 i - a scroll of silence
 o - 2 scrolls of fog
 r - a scroll of enchant armour
 t - 6 scrolls of teleportation
 v - 18 scrolls of identify
 B - 4 scrolls of immolation
 D - 2 scrolls of blinking
Potions
 a - a potion of ambrosia
 e - a potion of haste
 g - 7 potions of curing
 j - 4 potions of brilliance
 k - 3 potions of mutation
 m - 3 potions of might
 n - 6 potions of heal wounds
 s - 2 potions of cancellation
 z - 8 potions of flight
Miscellaneous
 J - a tin of tremorstones (2/2)


   Skills:
 - Level 7.5(10.0) Fighting
 - Level 13.9(16.3) Long Blades
 - Level 1.7 Throwing
 + Level 8.0(9.6) Armour
 - Level 4.8(6.3) Dodging
 - Level 3.4(4.9) Shields


You had 11 spell levels left.
You didn't know any spells.
Your spell library contained the following spells:

 Spells                   Type           Power      Damage    Failure   Level
 Call Canine Familiar     Summ           1%         N/A       100%        3
 Portal Projectile        Hex/Tloc       0%         N/A       100%        3
 Leda's Liquefaction      Hex/Erth       0%         N/A       100%        4


Dungeon Overview and Level Annotations

Branches:
Dungeon (11/15)            Temple (1/1) D:4            Lair (0/5) D:10
  Sewer (visited)         Gauntlet (visited)
    Orc: D:9-12

Altars:
Ashenzari
Cheibriados
Dithmenos
Fedhas
Gozag
Hepliaklqana
Kikubaaqudgha
Makhleb
Nemelex Xobeh
Okawaru
Qazlal
Ru
Sif Muna
Trog
Uskayaw
Vehumet
Wu Jian
Xom
Yredelemnul

Annotations:
D:10 3 runed translucent doors, exclusion: 3 doors, eyesofgods1's ghost, journeyman DsCj


Innate Abilities, Weirdness & Mutations

You have a pair of large antennae on your head. (SInv)
A powerful demonic guardian rushes to your aid.
You sometimes emit foul miasma when damaged in melee.
When seriously injured, your blood forms armour. (AC +6)


Message History

The nine-headed hydra bites you but does no damage.
Your surroundings seem slightly different.
The nine-headed hydra bites you but does no damage. x2
The nine-headed hydra bites you!
* * * LOW HITPOINT WARNING * * *
The nine-headed hydra bites you but does no damage. x2
The nine-headed hydra bites you!
* * * LOW HITPOINT WARNING * * *
You emit a cloud of foul miasma!
You block the nine-headed hydra's attack. x2
The nine-headed hydra bites you but does no damage.
The nine-headed hydra attacks as you move away!
The nine-headed hydra barely misses you.
The nine-headed hydra bites you but does no damage. x3
The nine-headed hydra bites you.
* * * LOW HITPOINT WARNING * * *
The nine-headed hydra bites you but does no damage.
The nine-headed hydra barely misses you.
The nine-headed hydra bites you but does no damage.
The nine-headed hydra completely misses you.
The nine-headed hydra is engulfed in dark miasma.
The nine-headed hydra attacks as you move away!
The nine-headed hydra bites you but does no damage. x9
The nine-headed hydra bites you but does no damage.
The nine-headed hydra bites you.
* * * LOW HITPOINT WARNING * * *
The nine-headed hydra closely misses you.
The nine-headed hydra bites you but does no damage. x2
The nine-headed hydra bites you.
* * * LOW HITPOINT WARNING * * *
The nine-headed hydra bites you but does no damage. x2
The nine-headed hydra bites you.
* * * LOW HITPOINT WARNING * * *
You emit a cloud of foul miasma!
The nine-headed hydra is engulfed in dark miasma.
The nine-headed hydra attacks as you move away!
The nine-headed hydra bites you but does no damage.
You block the nine-headed hydra's attack.
The nine-headed hydra bites you!
You die...

*,,*#.#..#*,,,,,,......
*,,,.....#*,,,,,,*,*#..
**,*#.##.#*,,,,,##.####
#,*#.##.#*,,,,,.......
#.##.##.#******#######
#.......# ### ####.####
#.. #.###### #.#
#.@D...## #.# #.....°.#
#.# #....#..#########.#
#.##..∩...........#
#.......###########
#.#####.# ## #..,,,..#
#. ###**#### ## #.


You could see a nine-headed hydra.

Vanquished Creatures
  A sixfirhy (Gauntlet)
  2 glowing orange brains (shapeshifter) (Gauntlet)
  A harpy (shapeshifter) (Gauntlet)
  A manticore (D:9)
  A gargoyle (D:10)
  An unseen horror (D:9)
  A komodo dragon (D:10)
  An efreet (D:9)
  A troll (D:9)
  A hornet (D:6)
  Prince Ribbit (D:6)
  Sigmund (D:6)
  2 shadows (D:11)
  2 wraiths
  2 wyverns (D:8)
  12 yaks
  Grum (D:9)
  2 steam dragons (D:6)
  2 wargs (D:10)
  An acid dragon (D:8)
  A water moccasin (D:8)
  2 orc warriors
  A black bear (D:5)
  2 ice beasts
  An ogre (D:6)
  4 wolves (D:8)
  5 centaurs
  2 phantoms
  3 lemures
  A kobold brigand (D:8)
  3 bullfrogs
  2 scorpions (D:6)
  3 wights (D:3)
  A troll skeleton (D:9)
  5 howler monkeys
  5 spriggan skeletons (D:9)
  A jelly (D:6)
  A gnoll bouda (D:7)
  3 orc priests
  An iron imp (D:6)
  Jessica (D:3)
  Ijyb (D:3)
  6 orc wizards
  2 iguanas
  A mummy (D:7)
  5 gnolls
  20 adders
  5 river rats (Sewer)
  3 white imps
  An ufetubus (Gauntlet)
  3 worms
  2 dart slugs (D:1)
  24 orcs
  13 bats
  9 endoplasms
  3 giant cockroaches
  4 goblins
  5 hobgoblins
  4 jackals
  5 quokkas
  10 ball pythons
  2 frilled lizards (D:2)
  2 hobgoblin zombies (D:7)
  11 kobolds
  2 kobold zombies (D:7)
  9 rats
237 creatures vanquished.

Vanquished Creatures (collateral kills)
  A minotaur (Gauntlet)
  Harold (D:9)
  A two-headed ogre (D:10)
  A wizard (Gauntlet)
  Pikel (D:6)
  Maggie (D:7)
  Psyche (D:9)
  An efreet (D:9)
  A troll (D:9)
  Grinder (D:5)
  A steam dragon (D:7)
  Menkaure (D:7)
  2 orc warriors
  A centaur (D:9)
  A lemure (D:6)
  3 killer bees (D:9)
  An orc priest (D:8)
  2 gnolls (D:4)
  2 river rats
  2 ufetubi
  2 worms (D:4)
  5 orcs
  A hobgoblin (D:2)
  A ball python (D:4)
35 creatures vanquished.

Vanquished Creatures (others)
  A bush (D:5)
  A fungus (D:3)
  A plant (D:3)
  4 toadstools (D:3)
7 creatures vanquished.

Grand Total: 279 creatures vanquished

Notes
Turn   | Place    | Note
-------+----------+-------------------------------------------
     0 | D:1      | Absynth the Demonspawn Gladiator began the quest for the
                  | Orb.
     0 | D:1      | Reached XP level 1. HP: 16/16 MP: 1/1
   109 | D:1      | Reached skill level 3 in Long Blades
   170 | D:1      | Gained mutation: You may rarely emit foul miasma when
                  | damaged in melee. [demonic ancestry]
   170 | D:1      | Reached XP level 2. HP: 22/22 MP: 2/2
   463 | D:1      | Gained mutation: A weak demonic guardian rushes to your
                  | aid. [demonic ancestry]
   463 | D:1      | Reached XP level 3. HP: 23/28 MP: 3/3
   499 | D:1      | Found a faded altar of an unknown god.
   957 | D:2      | Gained mutation: A demonic guardian rushes to your aid.
                  | [demonic ancestry]
   957 | D:2      | Reached XP level 4. HP: 34/34 MP: 4/4
  1289 | D:2      | Reached skill level 1 in Shields
  1525 | D:3      | Noticed Jessica
  1527 | D:3      | Killed Jessica
  1528 | D:3      | Reached skill level 4 in Long Blades
  1611 | D:3      | Gained mutation: You have a pair of small antennae on your
                  | head. [demonic ancestry]
  1611 | D:3      | Reached XP level 5. HP: 38/39 MP: 5/5
  1874 | D:3      | Noticed Ijyb
  1884 | D:3      | Killed Ijyb
  2165 | D:3      | Gained mutation: You have a pair of antennae on your head.
                  | [demonic ancestry]
  2165 | D:3      | Reached XP level 6. HP: 47/47 MP: 6/6
  2538 | D:4      | Found a glowing drain.
  2559 | Sewer    | Entered a sewer
  3217 | Sewer    | Reached skill level 5 in Long Blades
  3374 | D:4      | Gained mutation: When seriously injured, your blood forms
                  | armour. (AC +6) [demonic ancestry]
  3374 | D:4      | Reached XP level 7. HP: 53/53 MP: 7/7
  3517 | D:4      | Found a staircase to the Ecumenical Temple.
  3534 | Temple   | Entered the Ecumenical Temple
  3763 | Temple   | Became a worshipper of Ashenzari the Shackled
  4239 | D:5      | Entered Level 5 of the Dungeon
  4674 | D:5      | Reached skill level 6 in Long Blades
  4733 | D:5      | Noticed Grinder
  4752 | D:5      | Killed Grinder
  4753 | D:5      | Gained mutation: A powerful demonic guardian rushes to your
                  | aid. [demonic ancestry]
  4753 | D:5      | Reached XP level 8. HP: 36/61 MP: 8/8
  5327 | D:6      | Reached skill level 7 in Long Blades
  5528 | D:6      | Noticed Prince Ribbit
  5559 | D:6      | Killed Prince Ribbit
  5560 | D:6      | Reached skill level 8 in Long Blades
  5694 | D:6      | Found a snail-covered altar of Cheibriados.
  5757 | D:6      | Noticed Sigmund
  5994 | D:6      | Killed Sigmund
  6002 | D:6      | Noticed Pikel
  6019 | D:6      | Killed Pikel
  6020 | D:6      | Reached skill level 9 in Long Blades
  6020 | D:6      | Gained mutation: You have a pair of large antennae on your
                  | head. (SInv) [demonic ancestry]
  6020 | D:6      | Reached XP level 9. HP: 42/68 MP: 9/9
  6522 | D:7      | Paralysed by a hornet for 2 turns
  6522 | D:7      | Noticed Maggie
  6528 | D:6      | Reached skill level 10 in Long Blades
  7140 | D:7      | Killed Maggie
  7159 | D:7      | Reached skill level 11 in Long Blades
  7279 | D:6      | Reached * piety under Ashenzari
  7726 | D:7      | Found a radiant altar of Vehumet.
  7726 | D:7      | Found an iron altar of Okawaru.
  7929 | D:7      | Noticed Menkaure
  7931 | D:7      | Killed Menkaure
  8392 | D:7      | Reached ** piety under Ashenzari
  8459 | D:8      | Reached XP level 10. HP: 67/76 MP: 10/10
  8644 | D:8      | Identified the +8 plate armour of the Fisher {Rampage
                  | +Blink Regen+ Int+3}
  8851 | D:8      | Reached skill level 12 in Long Blades
  9573 | D:9      | Noticed Harold
  9582 | D:9      | Killed Harold
  9635 | D:9      | Reached skill level 13 in Long Blades
  9658 | D:9      | Noticed Psyche
  9662 | D:9      | Killed Psyche
  9723 | D:9      | Noticed Grum
  9779 | D:9      | Killed Grum
  9913 | D:9      | Noticed a manticore
 10002 | D:9      | Killed a manticore
 10003 | D:9      | Reached skill level 5 in Fighting
 10003 | D:9      | Reached skill level 1 in Armour
 10003 | D:9      | Gained mutation: You sometimes emit foul miasma when
                  | damaged in melee. [demonic ancestry]
 10003 | D:9      | Reached XP level 11. HP: 78/84 MP: 11/11
 10092 | D:9      | Reached *** piety under Ashenzari
 10436 | D:10     | Entered Level 10 of the Dungeon
 10608 | D:10     | Found a staircase to the Lair.
 10722 | D:10     | Identified the +6 short sword of Sudden Death {elec, rF++
                  | Will- Dex+4}
 10795 | D:10     | Found a runed translucent gate.
 10802 | D:10     | Found a runed translucent gate.
 10802 | D:10     | Found a runed translucent gate.
 10804 | D:10     | Noticed eyesofgods1's ghost (journeyman DsCj)
 10831 | D:10     | Noticed a two-headed ogre
 10840 | D:10     | Killed a two-headed ogre
 10841 | D:10     | Reached skill level 5 in Armour
 11047 | D:11     | Found a gate leading to a gauntlet.
 11056 | Gauntlet | Entered a Gauntlet
 11056 | Gauntlet | Found a transporter.
 11056 | Gauntlet | Found a transporter.
 11057 | Gauntlet | Found a transporter.
 11058 | Gauntlet | Found a transporter.
 11059 | Gauntlet | Found a transporter.
 11061 | Gauntlet | Found a transporter.
 11064 | Gauntlet | Noticed a sixfirhy
 11067 | Gauntlet | Found a transporter.
 11067 | Gauntlet | Identified the amulet "Xoyte" {Faith Will+ SInv}
 11071 | Gauntlet | Found a transporter.
 11072 | Gauntlet | Found a transporter.
 11072 | Gauntlet | Found a transporter.
 11072 | Gauntlet | Noticed a wizard
 11075 | Gauntlet | Noticed a wizard
 11080 | Gauntlet | Noticed a wizard
 11080 | Gauntlet | Identified the ring of Coug {Fire Will+ MP+9 Int+2 Slay-4}
 11081 | Gauntlet | Found a transporter.
 11081 | Gauntlet | Noticed a wizard
 11088 | Gauntlet | Found a transporter.
 11088 | Gauntlet | Identified the +0 cloak of Resourcefulness {+Blink rF++
                  | Str+2 Dex-3}
 11223 | Gauntlet | Noticed an ettin
 11223 | Gauntlet | Noticed a shock serpent
 11225 | Gauntlet | an ettin changed into a wolf spider
 11225 | Gauntlet | Noticed a wolf spider (shapeshifter)
 11236 | Gauntlet | a wolf spider changed into a glowing orange brain
 11236 | Gauntlet | Noticed a glowing orange brain (shapeshifter)
 11246 | Gauntlet | a shock serpent changed into a lindwurm
 11246 | Gauntlet | Noticed a lindwurm (shapeshifter)
 11249 | Gauntlet | a lindwurm changed into an orb spider
 11249 | Gauntlet | Noticed an orb spider (shapeshifter)
 11251 | Gauntlet | Killed a glowing orange brain
 11253 | Gauntlet | a hog changed into a harpy
 11253 | Gauntlet | Noticed a harpy (shapeshifter)
 11262 | Gauntlet | Killed a harpy
 11265 | Gauntlet | an orb spider changed into a glowing orange brain
 11265 | Gauntlet | Noticed a glowing orange brain (shapeshifter)
 11267 | Gauntlet | Killed a glowing orange brain
 11290 | Gauntlet | Killed a sixfirhy
 11307 | Gauntlet | Killed a wizard
 11358 | Gauntlet | Noticed a minotaur
 11367 | Gauntlet | Killed a minotaur
 11368 | Gauntlet | Reached XP level 12. HP: 67/97 MP: 12/12
 11424 | D:11     | Noticed an eight-headed hydra
 11445 | D:11     | HP: 1/97 [nine-headed hydra (4)]
 11449 | D:11     | Slain by a nine-headed hydra

Illustrated notes

Levels and vault maps discovered:
D:1:      dpeg_arrival_ratfight, layout_rooms,
          hellmonk_ecumenical_altar_defaced_shrine
D:2:      layout_basic
D:3:      layout_rooms, serial_bayou, serial_bayou_pond_d,
          serial_bayou_lagoon_b, serial_bayou_shore_a, serial_bayou_pond_a,
          serial_bayou_pond_e, minmay_misc_feat_doors, grunt_ministairs_9,
          minmay_gold_behind_fungi, minmay_misc_feat_plants,
          small_statue_intersection, uniq_ijyb, uniq_jessica
D:4:      layout_loops_ring, minmay_temple_entry_mist,
          cheibrodos_sewer_entry_sluice
D:5:      layout_rooms, kb_lookout_dungeons_type, uniq_grinder
D:6:      layout_basic, slow_altar_1, uniq_sigmund, uniq_pikel,
          uniq_prince_ribbit1
D:7:      layout_loops_corners, amethyst_overflow_temple_binary,
          minmay_mini_ossuary, uniq_menkaure, uniq_maggie
D:8:      layout_basic
D:9:      minmay_cut_squares, layout_basic, hangedman_tell_no_tales, uniq_grum,
          uniq_psyche, uniq_harold
D:10:     layout_rooms, erik_lair_orcish_takeover, gammafunk_ghost_spectres
D:11:     layout_loops_cross, gauntlet_entry_generic, grunt_livestock,
          kennysheep_windowed_goal
Temple:   nicolae_temple_bog_church

Skill      XL: |  1  2  3  4  5  6  7  8  9 10 11 |
---------------+----------------------------------+-----
Long Blades    | 3 4 5 6 9 11 13 | 13.9
Dodging        | 3 4 |  4.8
Shields        | 1 2 3 |  3.4
Fighting       | 3 4 5 7 |  7.5
Armour         | 1 8 |  8.0
Throwing       | |  1.7

Action                   |  1- 3 |  4- 6 |  7- 9 | 10-12 || total
-------------------------+-------+-------+-------+-------++-------
Melee: Long sword        |   102 |    62 |       |       ||   164
       Punch             |       |     1 |     1 |       ||     2
       Falchion          |       |    89 |   228 |   391 ||   708
 Fire: Sling             |     2 |       |       |       ||     2
Throw: Dart              |       |       |    14 |     1 ||    15
       Throwing net      |       |       |     6 |       ||     6
       Javelin           |       |       |     2 |       ||     2
Invok: Curse Item        |       |       |     3 |     3 ||     6
       Shatter the Chain |       |       |       |     1 ||     1
Evoke: Wand              |       |     7 |     7 |     2 ||    16
  Use: Scroll            |       |     8 |       |     2 ||    10
       Potion            |       |       |     1 |     1 ||     2
 Stab: Sleeping          |     1 |     1 |       |       ||     2
       Held in net/web   |       |       |     2 |       ||     2
       Distracted        |       |       |       |     3 ||     3
Armor: Leather armour    |    31 |     8 |       |       ||    39
       Robe              |       |    50 |    56 |       ||   106
       Acid dragon scale |       |       |    12 |     5 ||    17
       Plate armour      |       |       |       |   305 ||   305
Dodge: Dodged            |    66 |   174 |   209 |    97 ||   546
Block: Tower shield      |    16 |       |       |       ||    16
       Buckler           |       |       |    19 |    55 ||    74
       Kite shield       |       |       |       |    90 ||    90

Table legend: (Time is in decaauts)
 A = Elapsed time spent in this place.
 B = Non-inter-level travel time spent in this place.
 C = Inter-level travel time spent in this place.
 D = Time resting spent in this place.
 E = Time spent auto-exploring this place.
 F = Levels seen in this place.
 G = Mean time per level.
                   A        B        C        D        E       F      G
               +--------+--------+--------+--------+--------+-----+--------+
         Total |  11772 |  11474 |    298 |   2636 |   5143 |  14 |  840.9 |
       Dungeon |  10227 |   9939 |    288 |   2325 |   4949 |  11 |  929.7 |
        Temple |    248 |    238 |     10 |      0 |    193 |   1 |  248.0 |
         Sewer |    942 |    942 |      0 |    311 |      0 |   1 |  942.0 |
      Gauntlet |    354 |    354 |      0 |      0 |      0 |   1 |  354.0 |
               +--------+--------+--------+--------+--------+-----+--------+

Top non-repeatable levels by time:
     D:6: 1860 daAuts
     D:7: 1267 daAuts
     D:8: 1257 daAuts
     D:5: 1086 daAuts
   Sewer: 942 daAuts
     D:3: 937 daAuts
     D:2: 917 daAuts
     D:4: 869 daAuts
     D:9: 794 daAuts
     D:1: 587 daAuts
    D:10: 547 daAuts
Gauntlet: 354 daAuts
  Temple: 248 daAuts
    D:11: 101 daAuts
